 Dungeon Crawl Stone Soup version 0.30-a0-424-g7412bad402 (webtiles) character file.

Game seed: 2916233165225495043

1 McMuffin the Poker (level 1, -2/13 HPs)
             Began as a Demonspawn Wanderer on Dec 9, 2022.
             Frozen to death by an endoplasm (5 damage)
             ... on level 1 of the Dungeon.
             The game lasted 00:00:15 (27 turns).

McMuffin the Poker (Demonspawn Wanderer)              Turns: 27, Time: 00:00:15

Health: -2/13      AC:  3    Str: 11    XL:     1   Next: 16%
Magic:  1/1        EV: 10    Int: 10    God:
Gold:   0          SH:  0    Dex: 16    Spells: 0/0 levels left

rFire   . . .      SeeInvis .    a - +0 dagger (vorpal)
rCold   . . .      Faith    .    (no shield)
rNeg    . . .      Spirit   .    f - +0 leather armour
rPois   .          Reflect  .    (no helmet)
rElec   .          Harm     .    (no cloak)
rCorr   .          Rampage  .    (no gloves)
Will    .....                    (no boots)
Stlth   +.........               (no amulet)
HPRegen 0.22/turn                (no ring)
MPRegen 0.07/turn                (no ring)

@: no status effects
A: no striking features
a: no special abilities


You were on level 1 of the Dungeon.
You visited 1 branch of the dungeon, and saw 1 of its levels.

Inventory:

Hand Weapons
 a - a +0 vorpal dagger (weapon)
 c - a +0 spear
Missiles
 b - 4 curare-tipped darts (quivered)
Armour
 f - a +0 leather armour (worn)
Scrolls
 d - 2 scrolls of teleportation
 e - a scroll of blinking


   Skills:
 + Level 4.5 Polearms
 + Level 3.6 Throwing
 + Level 1.0 Evocations


You couldn't memorise any spells.
You didn't know any spells.
Your spell library was empty.

Dungeon Overview and Level Annotations

Branches:
Dungeon (1/15)

Altars:


Message History

Welcome, McMuffin the Demonspawn Wanderer.
Are you destined to find the marvelous Orb of Zot, or to die trying?
Press ? for a list of commands and other information.
Found a scroll of teleportation.
Found two stairs.
You begin with the following items: a +0 vorpal dagger, 4 curare-tipped darts, a +0 spear, a scroll of teleportation, a scroll of blinking, a +0 leather armour.
d - 2 scrolls of teleportation (gained 1)
An endoplasm comes into view.
Found a war axe.
The endoplasm quivers.
An endoplasm comes into view.
Found 4 stones.
The endoplasm quivers.
You hit the endoplasm.
The endoplasm is heavily wounded.
The endoplasm hits you.
You hit the endoplasm.
You kill the endoplasm!
The endoplasm jiggles.
The endoplasm freezes you.
You are frozen.
The endoplasm freezes you.
You are frozen.
You hit the endoplasm.
The endoplasm is moderately wounded.
The endoplasm hits you.
You hit the endoplasm but do no damage.
The endoplasm is moderately wounded.
The endoplasm freezes you.
You are frozen.
You hit the endoplasm but do no damage.
The endoplasm is moderately wounded.
The endoplasm freezes you.
You are frozen.
* * * LOW HITPOINT WARNING * * *
You hit the endoplasm.
The endoplasm is almost dead.
The endoplasm freezes you.
You are frozen.
You die...

#########
#.......# #
###.......# .
.......(.# #.
#...)....#
#.#.##........#
..............#
#.#.#..@J.....#
#........######
....###..# ..#
##...### .
##......#
##.....##.....
##.....## .###
##.....## #
##.....##


You could see an endoplasm.

Vanquished Creatures
  An endoplasm (D:1)
1 creature vanquished.

Notes
Turn   | Place    | Note
-------+----------+-------------------------------------------
     0 | D:1      | McMuffin the Demonspawn Wanderer began the quest for the
                  | Orb.
     0 | D:1      | McMuffin set off with the following items: a +0 vorpal
                  | dagger, 4 curare-tipped darts, a +0 spear, a scroll of
                  | teleportation, a scroll of blinking, a +0 leather armour.
     0 | D:1      | Reached XP level 1. HP: 13/13 MP: 1/1
    27 | D:1      | Frozen to death by an endoplasm

Illustrated notes

Levels and vault maps discovered:
D:1:      psy_arrival_spokes, layout_loops_cross, minmay_misc_feat_secret_circle

Action                   || total
-------------------------++-------
Melee: Dagger            ||     6

Table legend: (Time is in decaauts)
 A = Elapsed time spent in this place.
 B = Non-inter-level travel time spent in this place.
 C = Inter-level travel time spent in this place.
 D = Time resting spent in this place.
 E = Time spent auto-exploring this place.
 F = Levels seen in this place.
 G = Mean time per level.
                   A        B        C        D        E       F      G
               +--------+--------+--------+--------+--------+-----+--------+
         Total |     27 |     27 |      0 |      0 |      0 |   1 |   27.0 |
       Dungeon |     27 |     27 |      0 |      0 |      0 |   1 |   27.0 |
               +--------+--------+--------+--------+--------+-----+--------+

Top non-repeatable levels by time:
     D:1: 27 daAuts
